Anaheim Ducks vs Pittsburgh Penguins

Created - lundi 17 décembre 2018 at 19:00

Goals
1 2 3 T
Anaheim Ducks 0 0 2 2
Pittsburgh Penguins 1 0 0 1
Shots
1 2 3 T
Anaheim Ducks 11 7 13 31
Pittsburgh Penguins 11 1 7 19

1st period

1. Pittsburgh Penguins , Jake Guentzel 7 (Dominik Simon 6, Olli Maatta 3) at 4:56

Penalties :
Victor Antipin (ANA) for Tripping (Minor) at 16:24

2nd period

No Goal

Penalties :
Barclay Goodrow (PIT) for Holding (Minor) at 4:56, Aaron Ekblad (PIT) for Roughing (Minor) at 13:01, Barclay Goodrow (PIT) for Roughing (Minor) at 17:38

3rd period

2. Anaheim Ducks , Travis Zajac 6 (Corey Perry 14, Ondrej Kase 5) at 13:49
3. Anaheim Ducks , Derick Brassard 11 (Brandon Montour 4, Corey Perry 15) at 17:12

Penalties :
Kris Letang (PIT) for Roughing (Minor) at 0:27

Goalie Stats

Anton Forsberg (ANA), 18 saves from 19 shots - (0.947), W, 3-0-0, 60:00 minutes
Tristan Jarry (PIT), 29 saves from 31 shots - (0.935), L, 2-1-0, 59:08 minutes

Players Stats for Anaheim Ducks

Player Name              G  A  P  +/- PIM S  H  SB GA TA FO     MP     PP MP  PK MP  
------------------------------------------------------------------------------------
Bobby Ryan               0  0  0   0  0   2  1  0  0  0  0/0    10:22   0:01   0:00 
Brandon Montour          0  1  1   1  0   0  2  1  0  0  0/0    21:42   3:52   0:00 
Cam Fowler               0  0  0  -1  0   1  1  0  1  0  0/0    21:58   3:52   1:15 
Colton Sceviour          0  0  0   0  0   0  2  0  0  0  0/0    14:05   0:00   1:01 
Corey Perry              0  2  2   1  0   3  3  0  1  0  0/2    16:50   3:52   0:00 
David Savard             0  0  0  -1  0   2  2  1  0  1  0/0    17:14   0:00   0:44 
Derick Brassard          1  0  1   0  0   3  0  0  1  0  6/7    15:54   3:55   0:00 
Jakob Silfverberg        0  0  0   0  0   4  4  0  0  0  0/2    20:05   3:55   0:58 
Josh Manson              0  0  0   1  0   3  1  0  0  0  0/0    22:14   4:04   1:15 
Mark Letestu             0  0  0   0  0   0  2  0  0  1  0/2     9:40   0:00   0:00 
Nate Thompson            0  0  0   0  0   0  2  0  0  0  0/0    10:03   0:09   0:00 
Ondrej Kase              0  1  1   1  0   1  1  0  0  0  0/1    13:10   0:00   0:00 
Patrick Maroon           0  0  0   0  0   1  5  0  1  1  0/0    15:54   3:55   0:00 
Rickard Rakell           0  0  0   0  0   2  5  0  3  0  0/0    17:45   4:00   0:00 
Ryan Getzlaf             0  0  0   0  0   5  4  0  0  1  9/12   18:58   4:01   1:01 
Travis Zajac             1  0  1   1  0   2  4  0  0  0  5/12   15:28   0:00   0:58 
Trevor van Riemsdyk      0  0  0   1  0   1  1  0  0  0  0/0    20:44   4:04   0:44 
Victor Antipin           0  0  0   1  2   1  1  0  0  0  0/0    15:54   0:00   0:00 

Players Stats for Pittsburgh Penguins

Player Name              G  A  P  +/- PIM S  H  SB GA TA FO     MP     PP MP  PK MP  
------------------------------------------------------------------------------------
Aaron Ekblad             0  0  0   1  2   0  1  1  1  0  0/0    18:40   1:00   1:07 
Barclay Goodrow          0  0  0  -1  4   0  2  0  0  0  3/5    11:26   0:00   1:40 
Bryan Rust               0  0  0   0  0   0  3  1  0  0  0/1    15:56   0:55   0:19 
Carl Hagelin             0  0  0   0  0   0  3  0  0  1  1/1    14:44   1:04   0:00 
Chad Ruhwedel            0  0  0  -1  0   1  1  1  0  0  0/0    22:09   0:59   4:02 
Conor Sheary             0  0  0   0  0   1  1  0  0  2  0/0    18:23   0:55   3:32 
Derrick Pouliot          0  0  0  -1  0   1  1  1  0  0  0/0    18:13   0:00   3:23 
Dominik Simon            0  1  1   0  0   0  2  0  0  0  1/2    11:18   0:00   0:00 
Evgeni Malkin            0  0  0   0  0   4  3  0  0  0  4/9    17:37   1:04   0:48 
Greg McKegg              0  0  0  -1  0   0  0  0  0  0  0/0     8:52   0:00   0:00 
Jake Guentzel            1  0  1   0  0   5  2  0  1  0  1/5    16:08   0:00   3:37 
Josh Archibald           0  0  0  -1  0   2  5  1  0  0  0/0    12:38   0:00   3:40 
Justin Schultz           0  0  0  -1  0   2  0  1  2  2  0/0    18:21   1:00   0:55 
Kris Letang              0  0  0  -1  2   1  2  0  0  0  0/0    22:59   0:59   2:43 
Olli Maatta              0  1  1   1  0   0  0  0  0  1  0/0    19:29   0:00   3:42 
Patric Hornqvist         0  0  0   0  0   1  3  1  0  0  1/2    15:38   1:04   0:00 
Scott Wilson             0  0  0   0  0   0  1  0  0  1  1/3    14:32   0:00   2:16 
Sidney Crosby            0  0  0   0  0   1  1  0  0  0  6/10   14:57   0:55   0:00 

3 Stars

1 - Travis Zajac (ANA)
2 - Corey Perry (ANA)
3 - Brandon Montour (ANA)

Power Play

Anaheim Ducks - 0 on 4 Attempt(s) - 0.00%
Pittsburgh Penguins - 0 on 1 Attempt(s) - 0.00%

Penalty Kill

Anaheim Ducks - 1 on 1 Attempt(s) - 100.00% - Score 0 goal in Penalty Kill
Pittsburgh Penguins - 4 on 4 Attempt(s) - 100.00% - Score 0 goal in Penalty Kill

Team Stat

Anaheim Ducks - Hits : 41 - Faceoff Wins : 20 - Blocked Shots : 2 - Penalty Minutes : 2
Pittsburgh Penguins - Hits : 31 - Faceoff Wins : 18 - Blocked Shots : 7 - Penalty Minutes : 8

Official

Referees : Gord Dwyer and Brian Pochmara
Linesman : Derek Nanson and Lonnie Cameron

Game Notes

No Game Note

Finance

Level 1 -- Attendance: 10000 (100.00%) -- Ticket Income fr. 800'000
Level 2 -- Attendance: 1513 (75.65%) -- Ticket Income fr. 98'345
Level 3 -- Attendance: 2668 (76.23%) -- Ticket Income fr. 93'380
Level 4 -- Attendance: 1380 (95.17%) -- Ticket Income fr. 27'600
Luxury Box -- Attendance: 42 (84.00%) -- Ticket Income fr. 8'400
Game was played at the PPG Paints Arena.
Total Attendance: 15603 (91.78%)
Total Ticket Income: fr. 1'027'725
Total Income: fr. 1'027'725

Anaheim Ducks

5 vs 5 Forward 
   Center                   Left Wing                Right Wing               Time % Phy DF OF 
 1 Ryan Getzlaf             Rickard Rakell           Jakob Silfverberg        30     1   2  2  
 2 Travis Zajac             Ondrej Kase              Corey Perry              30     1   2  2  
 3 Derick Brassard          Patrick Maroon           Colton Sceviour          25     1   2  2  
 4 Mark Letestu             Nate Thompson            Bobby Ryan               15     1   2  2  

5 vs 5 Defense 
   Defense                  Defense                                           Time % Phy DF OF 
 1 Cam Fowler               David Savard                                      35     1   2  2  
 2 Brandon Montour          Josh Manson                                       35     1   2  2  
 3 Trevor van Riemsdyk      Victor Antipin                                    30     1   2  2  
 4 Cam Fowler               Josh Manson                                       0      1   2  2  

PowerPlay Forward 
   Center                   Left Wing                Right Wing               Time % Phy DF OF 
 1 Ryan Getzlaf             Rickard Rakell           Corey Perry              50     1   2  2  
 2 Derick Brassard          Patrick Maroon           Jakob Silfverberg        50     1   2  2  

PowerPlay Defense
   Defense                  Defense                                           Time % Phy DF OF 
 1 Cam Fowler               Brandon Montour                                   50     1   2  2  
 2 Josh Manson              Trevor van Riemsdyk                               50     1   2  2  

Penalty Kill 4 Players Forward 
   Center                   Wing                     Time % Phy DF OF 
 1 Ryan Getzlaf             Colton Sceviour          50     1   2  2  
 2 Travis Zajac             Jakob Silfverberg        50     1   2  2  

Penalty Kill 4 Players Defense
   Defense                  Defense                  Time % Phy DF OF 
 1 Cam Fowler               Josh Manson              50     1   2  2  
 2 David Savard             Trevor van Riemsdyk      50     1   2  2  

Penalty Kill - 3 Players Forward 
   Forward                                           Time % Phy DF OF 
 1 Ryan Getzlaf                                      50     1   2  2  
 2 Travis Zajac                                      50     1   2  2  

Penalty Kill - 3 Players Defense
   Defense                  Defense                  Time % Phy DF OF 
 1 Cam Fowler               Josh Manson              50     1   2  2  
 2 David Savard             Trevor van Riemsdyk      50     1   2  2  

4 vs 4 Forward 
   Center                   Wing                     Time % Phy DF OF 
 1 Ryan Getzlaf             Rickard Rakell           50     1   2  2  
 2 Derick Brassard          Jakob Silfverberg        50     1   2  2  

4 vs 4 Defense
   Defense                  Defense                  Time % Phy DF OF 
 1 Cam Fowler               Josh Manson              50     1   2  2  
 2 David Savard             Brandon Montour          50     1   2  2  

Last Minutes Offensive
   Center                   Left Wing                Right Wing               Defense                  Defense                  
   Ryan Getzlaf             Rickard Rakell           Corey Perry              Cam Fowler               Brandon Montour          

Last Minutes Defensive
   Center                   Left Wing                Right Wing               Defense                  Defense                  
   Travis Zajac             Colton Sceviour          Jakob Silfverberg        David Savard             Josh Manson              

Goaltenders
Starting : Anton Forsberg           
Backup : John Gibson              

Extra Forwards
Normal : Nate Thompson, Derick Brassard, Bobby Ryan - PP : Nate Thompson, Derick Brassard - PK : Bobby Ryan
Extra Defensemen
Normal : Trevor van Riemsdyk, Victor Antipin, David Savard - PP : Trevor van Riemsdyk - PK : Victor Antipin, David Savard
Penalty Shots
Ryan Getzlaf, Rickard Rakell, Corey Perry, Travis Zajac, Jakob Silfverberg
Custom OT Lines Forwards
Ryan Getzlaf, Rickard Rakell, Corey Perry, Travis Zajac, Jakob Silfverberg, Derick Brassard, Patrick Maroon, Bobby Ryan, Ondrej Kase, Colton Sceviour
Custom OT Lines Defensemen
Cam Fowler, Josh Manson, David Savard, Brandon Montour, Trevor van Riemsdyk

Scratches
Hampus Lindholm (Left Hip Injury), Tomas Jurco (Healthy), Mike Condon (Healthy)

Pittsburgh Penguins

5 vs 5 Forward 
   Center                   Left Wing                Right Wing               Time % Phy DF OF 
 1 Sidney Crosby            Carl Hagelin             Conor Sheary             30     0   1  4  
 2 Evgeni Malkin            Bryan Rust               Patric Hornqvist         30     0   1  4  
 3 Jake Guentzel            Scott Wilson             Dominik Simon            22     0   2  3  
 4 Barclay Goodrow          Greg McKegg              Josh Archibald           18     0   2  3  

5 vs 5 Defense 
   Defense                  Defense                                           Time % Phy DF OF 
 1 Kris Letang              Chad Ruhwedel                                     31     0   1  4  
 2 Justin Schultz           Derrick Pouliot                                   31     0   1  4  
 3 Olli Maatta              Aaron Ekblad                                      31     0   1  4  
 4 Kris Letang              Justin Schultz                                    7      0   2  3  

PowerPlay Forward 
   Center                   Left Wing                Right Wing               Time % Phy DF OF 
 1 Evgeni Malkin            Carl Hagelin             Patric Hornqvist         50     0   0  5  
 2 Sidney Crosby            Bryan Rust               Conor Sheary             50     0   0  5  

PowerPlay Defense
   Defense                  Defense                                           Time % Phy DF OF 
 1 Justin Schultz           Aaron Ekblad                                      50     0   0  5  
 2 Chad Ruhwedel            Kris Letang                                       50     0   0  5  

Penalty Kill 4 Players Forward 
   Center                   Wing                     Time % Phy DF OF 
 1 Barclay Goodrow          Josh Archibald           50     0   5  0  
 2 Jake Guentzel            Conor Sheary             50     0   5  0  

Penalty Kill 4 Players Defense
   Defense                  Defense                  Time % Phy DF OF 
 1 Kris Letang              Chad Ruhwedel            50     0   5  0  
 2 Olli Maatta              Derrick Pouliot          50     0   5  0  

Penalty Kill - 3 Players Forward 
   Forward                                           Time % Phy DF OF 
 1 Sidney Crosby                                     50     0   5  0  
 2 Evgeni Malkin                                     50     0   5  0  

Penalty Kill - 3 Players Defense
   Defense                  Defense                  Time % Phy DF OF 
 1 Kris Letang              Derrick Pouliot          50     0   5  0  
 2 Olli Maatta              Chad Ruhwedel            50     0   5  0  

4 vs 4 Forward 
   Center                   Wing                     Time % Phy DF OF 
 1 Sidney Crosby            Dominik Simon            50     0   2  3  
 2 Evgeni Malkin            Josh Archibald           50     0   2  3  

4 vs 4 Defense
   Defense                  Defense                  Time % Phy DF OF 
 1 Derrick Pouliot          Chad Ruhwedel            50     0   3  2  
 2 Aaron Ekblad             Olli Maatta              50     0   3  2  

Last Minutes Offensive
   Center                   Left Wing                Right Wing               Defense                  Defense                  
   Evgeni Malkin            Scott Wilson             Jake Guentzel            Derrick Pouliot          Chad Ruhwedel            

Last Minutes Defensive
   Center                   Left Wing                Right Wing               Defense                  Defense                  
   Sidney Crosby            Carl Hagelin             Josh Archibald           Olli Maatta              Aaron Ekblad             

Goaltenders
Starting : Tristan Jarry            
Backup : Matt Murray              

Extra Forwards
Normal : Sidney Crosby, Evgeni Malkin, Bryan Rust - PP : Jake Guentzel, Josh Archibald - PK : Scott Wilson
Extra Defensemen
Normal : Kris Letang, Chad Ruhwedel, Derrick Pouliot - PP : Olli Maatta - PK : Aaron Ekblad, Justin Schultz
Penalty Shots
Sidney Crosby, Evgeni Malkin, Conor Sheary, Jake Guentzel, Patric Hornqvist
Custom OT Lines Forwards
Sidney Crosby, Evgeni Malkin, Conor Sheary, Jake Guentzel, Carl Hagelin, Bryan Rust, Barclay Goodrow, Josh Archibald, Scott Wilson, Patric Hornqvist
Custom OT Lines Defensemen
Kris Letang, Chad Ruhwedel, Aaron Ekblad, Derrick Pouliot, Olli Maatta

Scratches
Blake Comeau (Healthy), Brian Dumoulin (Healthy), Tom Kuhnhackl (Healthy)

% Time on Ice - Anaheim Ducks

Lines # - Real PCT - Wanted PCT - Time Play
Normal Forward
1 - 29% - 30% - 14:07
2 - 28% - 30% - 13:43
3 - 24% - 25% - 11:49
4 - 19% - 15% - 9:29
Normal Defense
1 - 35% - 35% - 17:07
2 - 36% - 35% - 17:32
3 - 29% - 30% - 14:27
4 - 0% - 0% - 0:02
PP Forward
1 - 51% - 50% - 4:01
2 - 49% - 50% - 3:55
PP Defense
1 - 49% - 50% - 3:52
2 - 51% - 50% - 4:04
PK Forward
1 - 51% - 50% - 1:01
2 - 49% - 50% - 0:58
PK Defense
1 - 63% - 50% - 1:15
2 - 37% - 50% - 0:44
PK3 Forward
1 - 0% - 50%
2 - 0% - 50%
PK3 Defense
1 - 0% - 50%
2 - 0% - 50%
44 Forward
1 - 0% - 50%
2 - 0% - 50%
44 Defense
1 - 0% - 50%
2 - 0% - 50%
Last Minute Offensive  - 0:00
Last Minute Defensive  - 0:57
Total
Forward - 60:00
Defense - 60:00

% Time on Ice - Pittsburgh Penguins

Lines # - Real PCT - Wanted PCT - Time Play
Normal Forward
1 - 28% - 30% - 13:46
2 - 31% - 30% - 15:11
3 - 23% - 22% - 11:18
4 - 18% - 18% - 8:52
Normal Defense
1 - 32% - 31% - 15:48
2 - 31% - 31% - 15:23
3 - 31% - 31% - 15:06
4 - 6% - 7% - 2:50
PP Forward
1 - 54% - 50% - 1:04
2 - 46% - 50% - 0:55
PP Defense
1 - 50% - 50% - 1:00
2 - 50% - 50% - 0:59
PK Forward
1 - 50% - 50% - 3:59
2 - 50% - 50% - 3:57
PK Defense
1 - 53% - 50% - 4:14
2 - 47% - 50% - 3:42
PK3 Forward
1 - 0% - 50%
2 - 0% - 50%
PK3 Defense
1 - 0% - 50%
2 - 0% - 50%
44 Forward
1 - 0% - 50%
2 - 0% - 50%
44 Defense
1 - 0% - 50%
2 - 0% - 50%
Last Minute Offensive  - 0:58
Last Minute Defensive  - 0:00
Total
Forward - 60:00
Defense - 60:00

Play-by-Play

1st period


0:01 of 1st period - Sidney Crosby wins face-off versus Ryan Getzlaf in neutral zone.
0:22 of 1st period - Chad Ruhwedel is hit by Ryan Getzlaf.
0:32 of 1st period - Snap shot by Ryan Getzlaf.
0:32 of 1st period - Stopped by Tristan Jarry with a rebound.
1:31 of 1st period - Justin Schultz is hit by Travis Zajac and loses puck.
1:38 of 1st period - Brandon Montour is hit by Carl Hagelin and loses puck.
1:55 of 1st period - Snap shot by Patric Hornqvist.
1:55 of 1st period - Stopped by Anton Forsberg without a rebound.
1:56 of 1st period - Derick Brassard wins face-off versus Bryan Rust in Anaheim Ducks zone.
2:23 of 1st period - Trevor van Riemsdyk is hit by Jake Guentzel and loses puck.
2:44 of 1st period - Snap shot by Justin Schultz.
2:44 of 1st period - Stopped by Anton Forsberg with a rebound.
2:52 of 1st period - Wrist shot by Josh Archibald.
2:52 of 1st period - Stopped by Anton Forsberg with a rebound.
3:21 of 1st period - Conor Sheary is hit by Ryan Getzlaf and loses puck.
3:44 of 1st period - Wrist shot by Jake Guentzel.
3:44 of 1st period - Stopped by Anton Forsberg without a rebound.
3:45 of 1st period - Derick Brassard wins face-off versus Jake Guentzel in Anaheim Ducks zone.
4:22 of 1st period - Snap shot by Derick Brassard.
4:22 of 1st period - Shot Misses the Net.
4:54 of 1st period - Snap shot by Jake Guentzel.
4:54 of 1st period - Shot Misses the Net.
4:56 of 1st period - Snap shot by Jake Guentzel.
4:56 of 1st period - Goal by Jake Guentzel - Anaheim Ducks : 0 - Pittsburgh Penguins : 1.
4:57 of 1st period - Ryan Getzlaf wins face-off versus Patric Hornqvist in neutral zone.
5:09 of 1st period - Snap shot by Ryan Getzlaf.
5:09 of 1st period - Stopped by Tristan Jarry without a rebound.
5:10 of 1st period - Patric Hornqvist wins face-off versus Corey Perry in Pittsburgh Penguins zone.
5:10 of 1st period - Patric Hornqvist is hit by Corey Perry.
5:20 of 1st period - Slapshot by Bryan Rust.
5:20 of 1st period - Shot Misses the Net.
5:22 of 1st period - Snap shot by Evgeni Malkin.
5:22 of 1st period - Stopped by Anton Forsberg without a rebound.
5:23 of 1st period - Ryan Getzlaf wins face-off versus Barclay Goodrow in Anaheim Ducks zone.
5:23 of 1st period - Ryan Getzlaf is hit by Josh Archibald.
5:58 of 1st period - Josh Manson is hit by Aaron Ekblad and loses puck.
6:13 of 1st period - Wrist shot by Mark Letestu.
6:13 of 1st period - Shot Misses the Net.
6:15 of 1st period - Wrist shot by Mark Letestu.
6:15 of 1st period - Shot Misses the Net.
6:17 of 1st period - Snap shot by Josh Manson.
6:17 of 1st period - Stopped by Tristan Jarry with a rebound.
6:19 of 1st period - Wrist shot by Mark Letestu.
6:19 of 1st period - Shot Misses the Net.
7:12 of 1st period - Slapshot by Ondrej Kase.
7:12 of 1st period - Shot Blocked by Bryan Rust.
7:42 of 1st period - Cam Fowler is hit by Carl Hagelin and loses puck.
7:57 of 1st period - Snap shot by Derick Brassard.
7:57 of 1st period - Stopped by Tristan Jarry with a rebound.
7:59 of 1st period - Wrist shot by Colton Sceviour.
7:59 of 1st period - Shot Misses the Net.
8:01 of 1st period - Slapshot by David Savard.
8:01 of 1st period - Shot Misses the Net.
8:15 of 1st period - Barclay Goodrow is hit by Rickard Rakell.
8:19 of 1st period - Josh Manson is hit by Josh Archibald and loses puck.
9:28 of 1st period - Victor Antipin is hit by Barclay Goodrow and loses puck.
9:35 of 1st period - Justin Schultz is hit by Jakob Silfverberg and loses puck.
9:56 of 1st period - Evgeni Malkin is hit by Corey Perry and loses puck.
10:07 of 1st period - Derrick Pouliot is hit by Mark Letestu and loses puck.
10:32 of 1st period - Victor Antipin is hit by Chad Ruhwedel and loses puck.
10:41 of 1st period - Backhand shot by Patrick Maroon.
10:41 of 1st period - Stopped by Tristan Jarry without a rebound.
10:42 of 1st period - Sidney Crosby wins face-off versus Travis Zajac in Pittsburgh Penguins zone.
10:42 of 1st period - Sidney Crosby is hit by Travis Zajac.
10:48 of 1st period - Corey Perry is hit by Carl Hagelin and loses puck.
11:59 of 1st period - Wrist shot by Derick Brassard.
11:59 of 1st period - Stopped by Tristan Jarry without a rebound.
12:00 of 1st period - Ryan Getzlaf wins face-off versus Sidney Crosby in Pittsburgh Penguins zone.
12:03 of 1st period - Snap shot by Rickard Rakell.
12:03 of 1st period - Shot Misses the Net.
12:27 of 1st period - Evgeni Malkin is hit by Nate Thompson and loses puck.
12:49 of 1st period - Snap shot by Jake Guentzel.
12:49 of 1st period - Stopped by Anton Forsberg with a rebound.
12:51 of 1st period - Snap shot by Jake Guentzel.
12:51 of 1st period - Shot Blocked by David Savard.
12:53 of 1st period - Wrist shot by Chad Ruhwedel.
12:53 of 1st period - Stopped by Anton Forsberg with a rebound.
14:46 of 1st period - Wrist shot by Conor Sheary.
14:46 of 1st period - Stopped by Anton Forsberg without a rebound.
14:47 of 1st period - Evgeni Malkin wins face-off versus Travis Zajac in Anaheim Ducks zone.
14:53 of 1st period - Off-side.
14:54 of 1st period - Evgeni Malkin wins face-off versus Travis Zajac in neutral zone.
15:28 of 1st period - Snap shot by Ryan Getzlaf.
15:28 of 1st period - Deflect By Jakob Silfverberg.
15:28 of 1st period - Stopped by Tristan Jarry without a rebound.
15:29 of 1st period - Ryan Getzlaf wins face-off versus Evgeni Malkin in Pittsburgh Penguins zone.
15:40 of 1st period - Wrist shot by Ryan Getzlaf.
15:40 of 1st period - Shot Blocked by Chad Ruhwedel.
15:42 of 1st period - Wrist shot by Ryan Getzlaf.
15:42 of 1st period - Stopped by Tristan Jarry with a rebound.
15:44 of 1st period - Wrist shot by Ryan Getzlaf.
15:44 of 1st period - Deflect By Rickard Rakell.
15:44 of 1st period - Stopped by Tristan Jarry with a rebound.
16:17 of 1st period - Kris Letang is hit by Patrick Maroon.
16:24 of 1st period - Minor Penalty to Victor Antipin for Tripping.
16:25 of 1st period - Ryan Getzlaf wins face-off versus Evgeni Malkin in Anaheim Ducks zone.
16:57 of 1st period - Wrist shot by Sidney Crosby.
16:57 of 1st period - Stopped by Anton Forsberg without a rebound.
16:58 of 1st period - Sidney Crosby wins face-off versus Jakob Silfverberg in Anaheim Ducks zone.
17:47 of 1st period - Cam Fowler is hit by Conor Sheary and loses puck.
18:24 of 1st period - Penalty to Victor Antipin is over, Victor Antipin is back on ice.
18:38 of 1st period - Snap shot by Jakob Silfverberg.
18:38 of 1st period - Stopped by Tristan Jarry with a rebound.
18:54 of 1st period - Wrist shot by Bobby Ryan.
18:54 of 1st period - Stopped by Tristan Jarry without a rebound.
18:55 of 1st period - Barclay Goodrow wins face-off versus Mark Letestu in Pittsburgh Penguins zone.
19:51 of 1st period - Wrist shot by Jake Guentzel.
19:51 of 1st period - Stopped by Anton Forsberg without a rebound.
19:52 of 1st period - Sidney Crosby wins face-off versus Ryan Getzlaf in Anaheim Ducks zone.
Goals for this period are 0 for Anaheim Ducks vs 1 for Pittsburgh Penguins.
Shots for this period are 11 for Anaheim Ducks vs 11 for Pittsburgh Penguins.

2nd period


0:01 of 2nd period - Ryan Getzlaf wins face-off versus Sidney Crosby in neutral zone.
0:16 of 2nd period - Backhand shot by Sidney Crosby.
0:16 of 2nd period - Shot Misses the Net.
0:26 of 2nd period - Cam Fowler is hit by Scott Wilson.
0:49 of 2nd period - Backhand shot by Ryan Getzlaf.
0:49 of 2nd period - Shot Misses the Net.
1:35 of 2nd period - Slapshot by Rickard Rakell.
1:35 of 2nd period - Shot Blocked by Patric Hornqvist.
1:37 of 2nd period - Slapshot by Josh Manson.
1:37 of 2nd period - Stopped by Tristan Jarry with a rebound.
1:47 of 2nd period - Backhand shot by Rickard Rakell.
1:47 of 2nd period - Shot Misses the Net.
1:49 of 2nd period - Slapshot by Jakob Silfverberg.
1:49 of 2nd period - Shot Misses the Net.
1:51 of 2nd period - Wrist shot by Jakob Silfverberg.
1:51 of 2nd period - Shot Misses the Net.
1:53 of 2nd period - Snap shot by Ryan Getzlaf.
1:53 of 2nd period - Shot Blocked by Justin Schultz.
1:55 of 2nd period - Wrist shot by Cam Fowler.
1:55 of 2nd period - Shot Misses the Net.
1:57 of 2nd period - Slapshot by David Savard.
1:57 of 2nd period - Shot Misses the Net.
1:59 of 2nd period - Wrist shot by Ryan Getzlaf.
1:59 of 2nd period - Stopped by Tristan Jarry with a rebound.
2:01 of 2nd period - Snap shot by Jakob Silfverberg.
2:01 of 2nd period - Stopped by Tristan Jarry without a rebound.
2:02 of 2nd period - Travis Zajac wins face-off versus Sidney Crosby in Pittsburgh Penguins zone.
2:27 of 2nd period - Patrick Maroon is hit by Josh Archibald and loses puck.
2:46 of 2nd period - Dominik Simon is hit by David Savard and loses puck.
2:51 of 2nd period - Wrist shot by Bobby Ryan.
2:51 of 2nd period - Stopped by Tristan Jarry without a rebound.
2:52 of 2nd period - Carl Hagelin wins face-off versus Travis Zajac in Pittsburgh Penguins zone.
3:03 of 2nd period - Slapshot by Carl Hagelin.
3:03 of 2nd period - Shot Blocked by Brandon Montour.
3:45 of 2nd period - Wrist shot by Jake Guentzel.
3:45 of 2nd period - Stopped by Anton Forsberg without a rebound.
3:46 of 2nd period - Sidney Crosby wins face-off versus Ondrej Kase in Anaheim Ducks zone.
4:54 of 2nd period - Backhand shot by Cam Fowler.
4:54 of 2nd period - Deflect By Justin Schultz.
4:54 of 2nd period - Stopped by Tristan Jarry with a rebound.
4:56 of 2nd period - Minor Penalty to Barclay Goodrow for Holding.
4:57 of 2nd period - Ryan Getzlaf wins face-off versus Scott Wilson in Pittsburgh Penguins zone.
5:02 of 2nd period - Slapshot by Ryan Getzlaf.
5:02 of 2nd period - Shot Blocked by Josh Archibald.
6:54 of 2nd period - Olli Maatta is hit by Ryan Getzlaf and loses puck.
6:56 of 2nd period - Penalty to Barclay Goodrow is over, Barclay Goodrow is back on ice.
7:16 of 2nd period - Slapshot by Kris Letang.
7:16 of 2nd period - Shot Misses the Net.
7:30 of 2nd period - Bobby Ryan is hit by Patric Hornqvist and loses puck.
8:32 of 2nd period - Ryan Getzlaf is hit by Dominik Simon and loses puck.
9:01 of 2nd period - Evgeni Malkin is hit by Patrick Maroon and loses puck.
9:24 of 2nd period - Greg McKegg is hit by Rickard Rakell and loses puck.
9:54 of 2nd period - Brandon Montour is hit by Bryan Rust and loses puck.
10:47 of 2nd period - Ondrej Kase is hit by Kris Letang and loses puck.
11:00 of 2nd period - Ryan Getzlaf is hit by Bryan Rust and loses puck.
11:54 of 2nd period - Aaron Ekblad is hit by Bobby Ryan and loses puck.
12:05 of 2nd period - Ryan Getzlaf is hit by Josh Archibald and loses puck.
12:16 of 2nd period - Derrick Pouliot is hit by Patrick Maroon.
12:30 of 2nd period - Patric Hornqvist is hit by Brandon Montour and loses puck.
12:47 of 2nd period - Barclay Goodrow is hit by Ondrej Kase and loses puck.
13:01 of 2nd period - Minor Penalty to Aaron Ekblad for Roughing.
13:02 of 2nd period - Derick Brassard wins face-off versus Jake Guentzel in Pittsburgh Penguins zone.
13:15 of 2nd period - Patrick Maroon is hit by Jake Guentzel and loses puck.
13:28 of 2nd period - Ryan Getzlaf is hit by Derrick Pouliot and loses puck.
14:38 of 2nd period - Scott Wilson is hit by Josh Manson and loses puck.
14:55 of 2nd period - Evgeni Malkin is hit by Jakob Silfverberg and loses puck.
15:01 of 2nd period - Penalty to Aaron Ekblad is over, Aaron Ekblad is back on ice.
15:19 of 2nd period - Kris Letang is hit by Cam Fowler and loses puck.
15:25 of 2nd period - Icing by Chad Ruhwedel.
15:26 of 2nd period - Travis Zajac wins face-off versus Evgeni Malkin in Pittsburgh Penguins zone.
15:33 of 2nd period - Slapshot by Travis Zajac.
15:33 of 2nd period - Shot Misses the Net.
15:35 of 2nd period - Snap shot by Corey Perry.
15:35 of 2nd period - Stopped by Tristan Jarry with a rebound.
15:37 of 2nd period - Wrist shot by Corey Perry.
15:37 of 2nd period - Stopped by Tristan Jarry with a rebound.
15:52 of 2nd period - Scott Wilson is hit by Nate Thompson and loses puck.
16:07 of 2nd period - Sidney Crosby is hit by David Savard and loses puck.
16:14 of 2nd period - Conor Sheary is hit by Jakob Silfverberg and loses puck.
16:32 of 2nd period - Olli Maatta is hit by Travis Zajac and loses puck.
16:43 of 2nd period - Victor Antipin is hit by Bryan Rust and loses puck.
16:50 of 2nd period - Patric Hornqvist is hit by Colton Sceviour and loses puck.
17:01 of 2nd period - Victor Antipin is hit by Dominik Simon.
17:38 of 2nd period - Minor Penalty to Barclay Goodrow for Roughing.
17:39 of 2nd period - Scott Wilson wins face-off versus Corey Perry in Pittsburgh Penguins zone.
18:17 of 2nd period - Snap shot by Patrick Maroon.
18:17 of 2nd period - Shot Misses the Net.
18:32 of 2nd period - Off-side.
18:33 of 2nd period - Ryan Getzlaf wins face-off versus Scott Wilson in neutral zone.
18:43 of 2nd period - Chad Ruhwedel is hit by Rickard Rakell and loses puck.
18:54 of 2nd period - Chad Ruhwedel is hit by Brandon Montour.
19:03 of 2nd period - Scott Wilson is hit by Patrick Maroon and loses puck.
19:38 of 2nd period - Penalty to Barclay Goodrow is over, Barclay Goodrow is back on ice.
Goals for this period are 0 for Anaheim Ducks vs 0 for Pittsburgh Penguins.
Shots for this period are 7 for Anaheim Ducks vs 1 for Pittsburgh Penguins.

3rd period


0:01 of 3rd period - Sidney Crosby wins face-off versus Jakob Silfverberg in neutral zone.
0:16 of 3rd period - Josh Manson is hit by Kris Letang and loses puck.
0:27 of 3rd period - Minor Penalty to Kris Letang for Roughing.
0:28 of 3rd period - Ryan Getzlaf wins face-off versus Barclay Goodrow in Pittsburgh Penguins zone.
0:53 of 3rd period - Derick Brassard is hit by Barclay Goodrow and loses puck.
2:27 of 3rd period - Penalty to Kris Letang is over, Kris Letang is back on ice.
2:36 of 3rd period - Bobby Ryan is hit by Evgeni Malkin and loses puck.
2:41 of 3rd period - Snap shot by Evgeni Malkin.
2:41 of 3rd period - Stopped by Anton Forsberg with a rebound.
2:57 of 3rd period - Ondrej Kase is hit by Sidney Crosby and loses puck.
3:50 of 3rd period - Derick Brassard is hit by Josh Archibald and loses puck.
4:01 of 3rd period - Corey Perry is hit by Patric Hornqvist and loses puck.
4:32 of 3rd period - Derrick Pouliot is hit by Ryan Getzlaf and loses puck.
4:40 of 3rd period - Icing by Conor Sheary.
4:41 of 3rd period - Derick Brassard wins face-off versus Sidney Crosby in Pittsburgh Penguins zone.
4:46 of 3rd period - Wrist shot by Mark Letestu.
4:46 of 3rd period - Deflect By Nate Thompson.
4:46 of 3rd period - Shot Blocked by Derrick Pouliot.
4:46 of 3rd period - Puck is out of play.
4:47 of 3rd period - Evgeni Malkin wins face-off versus Mark Letestu in Pittsburgh Penguins zone.
5:09 of 3rd period - Icing by Cam Fowler.
5:10 of 3rd period - Jake Guentzel wins face-off versus Travis Zajac in Anaheim Ducks zone.
5:35 of 3rd period - Josh Manson is hit by Patric Hornqvist and loses puck.
6:14 of 3rd period - Icing by Derick Brassard.
6:15 of 3rd period - Derick Brassard wins face-off versus Evgeni Malkin in Anaheim Ducks zone.
7:08 of 3rd period - Slapshot by Kris Letang.
7:08 of 3rd period - Stopped by Anton Forsberg with a rebound.
7:28 of 3rd period - Snap shot by Bobby Ryan.
7:28 of 3rd period - Shot Misses the Net.
7:40 of 3rd period - Kris Letang is hit by Corey Perry and loses puck.
8:14 of 3rd period - Off-side.
8:15 of 3rd period - Dominik Simon wins face-off versus Ryan Getzlaf in neutral zone.
8:43 of 3rd period - Wrist shot by Jakob Silfverberg.
8:43 of 3rd period - Stopped by Tristan Jarry with a rebound.
8:49 of 3rd period - Wrist shot by Ryan Getzlaf.
8:49 of 3rd period - Shot Blocked by Aaron Ekblad.
8:51 of 3rd period - Snap shot by Jakob Silfverberg.
8:51 of 3rd period - Shot Misses the Net.
8:53 of 3rd period - Snap shot by Ryan Getzlaf.
8:53 of 3rd period - Shot Misses the Net.
8:55 of 3rd period - Slapshot by Victor Antipin.
8:55 of 3rd period - Stopped by Tristan Jarry with a rebound.
9:05 of 3rd period - Slapshot by Ryan Getzlaf.
9:05 of 3rd period - Shot Misses the Net.
9:07 of 3rd period - Slapshot by Trevor van Riemsdyk.
9:07 of 3rd period - Stopped by Tristan Jarry with a rebound.
9:09 of 3rd period - Slapshot by David Savard.
9:09 of 3rd period - Stopped by Tristan Jarry without a rebound.
9:10 of 3rd period - Evgeni Malkin wins face-off versus Travis Zajac in Pittsburgh Penguins zone.
9:35 of 3rd period - Justin Schultz is hit by Patrick Maroon and loses puck.
10:02 of 3rd period - Derrick Pouliot is hit by Mark Letestu and loses puck.
10:35 of 3rd period - Snap shot by Evgeni Malkin.
10:35 of 3rd period - Shot Misses the Net.
11:10 of 3rd period - Slapshot by Evgeni Malkin.
11:10 of 3rd period - Stopped by Anton Forsberg with a rebound.
11:39 of 3rd period - Olli Maatta is hit by Trevor van Riemsdyk and loses puck.
13:02 of 3rd period - Snap shot by Rickard Rakell.
13:02 of 3rd period - Stopped by Tristan Jarry with a rebound.
13:04 of 3rd period - Snap shot by Ryan Getzlaf.
13:04 of 3rd period - Stopped by Tristan Jarry with a rebound.
13:06 of 3rd period - Snap shot by David Savard.
13:06 of 3rd period - Stopped by Tristan Jarry without a rebound.
13:07 of 3rd period - Barclay Goodrow wins face-off versus Travis Zajac in Pittsburgh Penguins zone.
13:16 of 3rd period - Snap shot by Corey Perry.
13:16 of 3rd period - Stopped by Tristan Jarry with a rebound.
13:18 of 3rd period - Snap shot by Travis Zajac.
13:18 of 3rd period - Stopped by Tristan Jarry with a rebound.
13:20 of 3rd period - Slapshot by Josh Manson.
13:20 of 3rd period - Stopped by Tristan Jarry with a rebound.
13:22 of 3rd period - Wrist shot by Ondrej Kase.
13:22 of 3rd period - Stopped by Tristan Jarry with a rebound.
13:32 of 3rd period - Josh Manson is hit by Evgeni Malkin and loses puck.
13:37 of 3rd period - Wrist shot by Evgeni Malkin.
13:37 of 3rd period - Stopped by Anton Forsberg with a rebound.
13:39 of 3rd period - Slapshot by Derrick Pouliot.
13:39 of 3rd period - Stopped by Anton Forsberg without a rebound.
13:40 of 3rd period - Travis Zajac wins face-off versus Jake Guentzel in Anaheim Ducks zone.
13:45 of 3rd period - Slapshot by Travis Zajac.
13:45 of 3rd period - Shot Misses the Net.
13:47 of 3rd period - Slapshot by Corey Perry.
13:47 of 3rd period - Shot Misses the Net.
13:49 of 3rd period - Backhand shot by Travis Zajac.
13:49 of 3rd period - Goal by Travis Zajac - Anaheim Ducks : 1 - Pittsburgh Penguins : 1.
13:50 of 3rd period - Travis Zajac wins face-off versus Evgeni Malkin in neutral zone.
14:38 of 3rd period - Josh Archibald is hit by Rickard Rakell and loses puck.
15:18 of 3rd period - Josh Manson is hit by Evgeni Malkin and loses puck.
15:30 of 3rd period - Icing by Corey Perry.
15:31 of 3rd period - Travis Zajac wins face-off versus Jake Guentzel in Anaheim Ducks zone.
15:47 of 3rd period - Off-side.
15:48 of 3rd period - Barclay Goodrow wins face-off versus Derick Brassard in neutral zone.
15:48 of 3rd period - Barclay Goodrow is hit by Colton Sceviour.
15:58 of 3rd period - Slapshot by Barclay Goodrow.
15:58 of 3rd period - Shot Misses the Net.
16:00 of 3rd period - Slapshot by Greg McKegg.
16:00 of 3rd period - Shot Misses the Net.
16:02 of 3rd period - Wrist shot by Josh Archibald.
16:02 of 3rd period - Stopped by Anton Forsberg with a rebound.
16:12 of 3rd period - Scott Wilson is hit by Jakob Silfverberg and loses puck.
16:31 of 3rd period - Carl Hagelin is hit by Travis Zajac and loses puck.
16:40 of 3rd period - Slapshot by Justin Schultz.
16:40 of 3rd period - Stopped by Anton Forsberg with a rebound.
17:12 of 3rd period - Slapshot by Brandon Montour.
17:12 of 3rd period - Deflect By Derick Brassard.
17:12 of 3rd period - Goal by Derick Brassard - Anaheim Ducks : 2 - Pittsburgh Penguins : 1.
17:13 of 3rd period - Derick Brassard wins face-off versus Dominik Simon in neutral zone.
17:53 of 3rd period - Barclay Goodrow is hit by Rickard Rakell and loses puck.
19:08 of 3rd period - Pittsburgh Penguins, Tristan Jarry is pulled from the net.
19:58 of 3rd period - Scott Wilson is hit by Victor Antipin and loses puck.
Goals for this period are 2 for Anaheim Ducks vs 0 for Pittsburgh Penguins.
Shots for this period are 13 for Anaheim Ducks vs 7 for Pittsburgh Penguins.